Map: Ujari

Players

Superman

  • Race: Terran Terran
  • League: Gold
  • Spawn Location: 3:00

Metasapien

  • Race: Zerg Zerg
  • League: Platinum
  • Spawn Location: 3:00

JetSuperUser

  • Race: Terran Terran
  • Spawn Location: 0:00

Krafty

  • Race: Protoss Protoss
  • League: Platinum
  • Spawn Location: 9:00

Panchulon

  • Race: Zerg Zerg
  • Spawn Location: 0:00

HYP

  • Race: Terran Terran
  • Spawn Location: 9:00

VOD

Have the link to the VOD?

Description

Time

  • Played on: Sept. 23, 2017, 10:08 a.m.
  • Length: 11:48
Show
View Real Time Build Order
Export as new Build Order

Superman Terran 

Build Orders:  

Get SALT Encoding   

  12  0:04  SCV  
  13  0:16  SCV  
  14  0:25  Supply Depot  
  14  0:35  SCV  
  15  0:41  Refinery  
  15  0:54  Barracks  
  15  0:56  SCV  
  16  1:00  Refinery  
  16  1:11  Engineering Bay  
  16  1:16  SCV  
  17  1:43  Barracks  
  17  1:45  Marine  
  18  1:48  Planetary Fortress  
  18  2:10  Barracks Reactor  
  18  2:11  Supply Depot  
  18  2:22  Missile Turret  
  18  2:32  Barracks Tech Lab  
  17  3:03  Concussive Shells  
  17  3:14  SCV  
  17  3:15  Marine x3  
  17  3:18  Terran Infantry Weapons Level 1  
  21  3:23  Supply Depot  
  21  3:26  SCV  
  22  3:34  Marauder  
  24  3:37  Marine  
  24  3:41  SCV  
  26  3:45  Combat Shields  
  26  3:50  Supply Depot  
  26  3:52  Marine  
  27  3:57  Marauder  
  29  4:27  Marine x2  
  29  4:28  Marauder  
  33  4:35  SCV  
  33  4:38  Factory  
  31  4:51  Marauder  
  33  5:10  Marine x2  
  33  5:12  Marauder  
  37  5:28  Marine x2  
  39  5:34  Factory Reactor  
  24  6:26  Cyclone x2  
  24  6:28  Marine x3  
  29  6:45  Marine  
  29  6:46  Marine x2  
  32  6:58  Cyclone x2  
  38  7:04  Marauder  
  40  7:26  Marauder  
  42  7:30  Cyclone  
  45  7:45  Cyclone  
  45  7:47  Marauder  
  43  8:03  Cyclone  
  46  8:19  Marauder  
  46  8:24  Cyclone  
  38  8:35  Cyclone  
  38  8:40  Marauder  
  43  8:46  Marine x2  
  40  9:21  Marine  
  40  9:24  Cyclone  
  39  9:26  Marine  
  39  9:27  Cyclone  
  32  9:38  Marine  
  32  9:44  Marine  
  28  9:56  Cyclone  
  28  9:58  Marine  
  31  10:02  Cyclone  
  31  10:11  Marine  
  26  10:16  Marine  
  26  10:28  Cyclone  
  29  10:29  Marine  
  29  10:34  Cyclone, Marine  
  31  10:46  Missile Turret  
  37  11:41  Supply Depot  
  37  11:43  Supply Depot  
Show
View Real Time Build Order
Export as new Build Order

Metasapien Zerg 

Build Orders: Hatch First 

Get SALT Encoding   

  12  0:36  Drone  
  12  0:38  Drone  
  12  0:40  Hatchery  
  13  0:46  Overlord  
  13  0:52  Extractor  
  13  0:53  Drone  
  13  1:00  Drone  
  14  1:09  Drone  
  15  1:24  Spawning Pool  
  14  1:25  Drone  
  14  1:30  Drone  
  16  1:43  Drone  
  17  2:09  Drone x2  
  17  2:10  Drone  
  17  2:11  Drone  
  21  2:16  Drone  
  22  2:27  Hatchery  
  21  2:30  Overlord  
  21  2:53  Drone x2  
  21  2:54  Drone, Queen  
  26  3:03  Zergling x6  
  29  3:06  Queen  
  29  3:11  Metabolic Boost  
  31  3:16  Drone, Extractor  
  31  3:20  Drone  
  31  3:21  Drone  
  33  3:31  Drone  
  34  3:40  Drone  
  35  3:42  Drone, Roach Warren  
  35  3:43  Queen  
  35  3:47  Drone  
  38  3:49  Drone  
  38  3:51  Drone  
  40  3:56  Overlord  
  40  4:01  Overlord  
  40  4:06  Zergling x2  
  40  4:07  Zergling x4  
  40  4:09  Zergling x2  
  41  4:11  Zergling x2  
  42  4:19  Overlord  
  42  4:29  Zergling x2  
  42  4:30  Roach x4  
  42  4:31  Zergling x2  
  47  4:45  Roach  
  47  4:46  Zergling x6, Roach x2  
  47  4:54  Roach  
  47  4:55  Roach  
  51  5:00  Spine Crawler  
  45  5:10  Roach x3  
  47  5:23  Queen  
  47  5:24  Drone x2  
  47  5:25  Drone  
  51  5:40  Drone  
  52  5:43  Drone  
  52  5:44  Drone x2  
  52  5:46  Drone  
  52  5:49  Lair  
  56  5:55  Drone  
  57  5:57  Drone  
  57  5:59  Overlord x2  
  57  6:02  Overlord x2  
  58  6:06  Roach  
  58  6:07  Roach  
  62  6:17  Drone  
  62  6:18  Drone x2  
  65  6:20  Drone x2  
  65  6:22  Drone  
  52  6:55  Roach x6  
  52  6:56  Roach x5  
  52  6:57  Zergling x6  
  77  7:02  Zergling x2  
  78  7:14  Roach x3  
  71  7:27  Extractor  
  71  7:28  Queen  
  71  7:29  Drone x4, Extractor  
  75  7:34  Roach x3  
  75  7:35  Overlord x2  
  81  7:40  Queen  
  83  7:46  Hydralisk Den  
  83  7:47  Drone  
  83  7:48  Drone  
  83  8:04  Zergling x4  
  83  8:05  Zergling x8  
  89  8:11  Drone  
  89  8:15  Drone  
  89  8:19  Extractor  
  90  8:20  Drone x3  
  78  8:44  Hydralisk  
  78  8:45  Hydralisk, Roach x3  
  78  8:46  Roach x5, Hydralisk x2  
  93  8:58  Drone x2  
  93  9:00  Overlord x2  
  93  9:01  Hydralisk  
  92  9:11  Hydralisk x2  
  92  9:12  Roach  
  78  9:48  Queen x2  
  78  9:49  Burrow, Hydralisk x3  
  78  9:50  Roach x4  
  78  9:51  Roach  
  78  10:21  Hydralisk x2  
  78  10:23  Zergling x14  
  85  10:29  Hatchery  
  77  10:53  Overlord  
  77  10:54  Overlord x3  
  67  11:05  Overlord x2  
  67  11:06  Overlord x2  
  37  11:27  Hatchery  
  40  11:38  Spine Crawler  
  39  11:40  Spine Crawler  
  39  11:42  Spine Crawler  
Show
View Real Time Build Order
Export as new Build Order

JetSuperUser Terran 

Build Orders: Command Center First (CC) 

Get SALT Encoding   

  12  0:01  SCV  
  13  0:13  SCV  
  14  0:18  Supply Depot  
  14  0:25  SCV  
  15  0:40  SCV  
  16  0:55  SCV  
  17  1:03  Command Center  
  17  1:07  SCV  
  18  1:17  Barracks  
  18  1:21  SCV  
  19  1:33  SCV  
  20  1:45  SCV  
  21  1:56  Barracks  
  21  1:58  SCV  
  22  2:05  Marine  
  23  2:16  Orbital Command  
  23  2:19  Orbital Command, Supply Depot  
  23  2:29  Marine  
  24  2:42  Refinery  
  24  2:43  Refinery  
  24  2:44  Marine  
  24  2:45  Engineering Bay  
  24  2:47  Marine  
  26  3:02  Marine  
  26  3:05  Marine  
  28  3:08  SCV x2  
  29  3:20  Marine  
  29  3:22  Marine  
  28  3:34  SCV x2  
  28  3:38  Marine  
  28  3:40  Bunker, Marine  
  32  3:46  SCV x2  
  34  3:50  Missile Turret  
  34  3:55  Command Center  
  34  3:56  Marine  
  34  3:58  SCV, Marine  
  34  3:59  Missile Turret, SCV  
  34  4:10  SCV  
  34  4:13  Marine  
  34  4:16  Marine  
  36  4:25  SCV x2  
  38  4:31  Marine  
  38  4:33  Barracks  
  38  4:36  Barracks Tech Lab  
  38  4:37  SCV  
  40  4:42  Supply Depot  
  40  4:45  Engineering Bay  
  40  4:49  Marine  
  41  4:56  Marine  
  41  4:59  Combat Shields  
  42  5:07  Marine  
  42  5:14  Marine  
  44  5:22  Marine  
  44  5:25  Marine  
  44  5:27  Orbital Command  
  46  5:29  SCV x2  
  46  5:31  Marine  
  46  5:33  Supply Depot  
  49  5:39  Marine  
  49  5:40  Supply Depot  
  49  5:41  SCV  
  49  5:42  SCV  
  52  5:46  Terran Infantry Weapons Level 1  
  52  5:53  SCV  
  52  5:54  SCV  
  54  6:01  Marine x3  
  54  6:04  SCV  
  58  6:05  SCV  
  58  6:06  SCV  
  60  6:11  Missile Turret  
  60  6:16  SCV  
  60  6:18  SCV x2  
  63  6:19  Marine x3  
  63  6:24  Factory  
  65  6:37  Marine x3  
  65  6:38  Factory  
  65  6:45  Missile Turret  
  65  6:47  SCV x3  
  57  6:55  Marine  
  57  6:56  Marauder  
  60  7:05  Marine  
  61  7:09  Factory Tech Lab  
  61  7:12  Marine  
  61  7:13  SCV x3  
  60  7:18  Marauder  
  62  7:23  Marine  
  62  7:24  Factory Tech Lab  
  62  7:25  SCV x3  
  66  7:30  Marine  
  66  7:31  Starport  
  66  7:32  Barracks  
  66  7:36  Supply Depot  
  67  7:37  SCV x2  
  67  7:38  SCV  
  67  7:39  Marauder  
  67  7:40  Marine  
  69  7:48  Marine  
  69  7:49  SCV x2, Supply Depot  
  69  7:50  SCV  
  66  7:53  Siege Tank  
  66  7:55  Siege Tank  
  72  7:58  Marine  
  72  8:01  Marauder, SCV  
  72  8:02  SCV  
  77  8:08  Marine  
  77  8:09  SCV, Supply Depot  
  78  8:13  SCV  
  54  8:21  SCV  
  54  8:26  SCV  
  45  8:32  Marine  
  38  8:40  Marauder, Marine  
  32  8:50  Marine  
  29  8:56  Siege Tank  
  29  8:58  Marine  
  29  9:02  Marauder  
  34  9:07  Orbital Command  
  34  9:08  Marine  
  35  9:14  Orbital Command  
  35  9:16  Marine  
  29  9:21  Orbital Command  
  29  9:23  Marine  
  24  9:26  Marine  
  11  9:32  Siege Tank  
  11  9:34  Marine  
  11  9:40  Marine  
  11  9:44  Marine  
  13  9:52  SCV, Marine  
  15  9:58  Marine  
  16  10:02  Marine  
  13  10:09  Marine  
  11  10:17  Marauder  
  13  10:29  Orbital Command  
  13  10:40  Orbital Command  
  13  10:53  SCV  
  14  11:01  SCV  
  15  11:05  SCV  
  6  11:12  Marine  
Show
View Real Time Build Order
Export as new Build Order

Krafty Protoss 

Build Orders:  

Get SALT Encoding   

  12  0:02  Probe (Chrono Boost)  
  13  0:12  Probe (Chrono Boost)  
  14  0:20  Pylon  
  14  0:23  Probe (Chrono Boost)  
  15  0:38  Probe (Chrono Boost)  
  16  0:52  Pylon  
  16  0:59  Probe (Chrono Boost)  
  17  1:06  Forge  
  17  1:09  Probe (Chrono Boost)  
  18  1:14  Gateway  
  18  1:16  Gateway  
  18  1:29  Probe (Chrono Boost)  
  19  1:40  Probe (Chrono Boost)  
  20  1:48  Photon Cannon  
  20  1:50  Photon Cannon  
  20  1:54  Pylon  
  20  2:04  Gateway  
  20  2:07  Zealot  
  22  2:23  Pylon  
  22  2:24  Probe (Chrono Boost)  
  22  2:27  Assimilator  
  23  2:33  Assimilator  
  23  2:35  Probe (Chrono Boost)  
  24  2:38  Zealot  
  24  2:39  Zealot  
  28  2:51  Cybernetics Core  
  28  2:57  Probe (Chrono Boost)  
  29  3:01  Zealot  
  31  3:08  Zealot  
  33  3:16  Gateway  
  33  3:30  Warp Gate (Chrono Boost)  
  35  3:36  Stalker (Chrono Boost)  
  35  3:38  Stalker (Chrono Boost)  
  37  3:46  Stalker (Chrono Boost)  
  39  3:55  Pylon  
  39  3:58  Probe  
  40  4:10  Mothership Core  
  44  4:20  Stalker (Chrono Boost)  
  44  4:52  Stalker (Chrono Boost)  
  52  4:55  Stalker x3 (Chrono Boost)  
  34  5:40  Nexus  
  34  5:44  Photon Cannon  
  34  5:46  Photon Cannon  
  34  5:54  Stalker  
  34  5:55  Stalker  
  36  6:04  Stalker  
  32  6:16  Stalker  
  32  6:23  Stalker  
  28  6:35  Stalker x2  
  32  6:47  Photon Cannon  
  32  6:50  Probe  
  33  7:14  Protoss Ground Weapons Level 1 (Chrono Boost)  
  31  7:26  Stalker  
  31  7:27  Stalker x2  
  33  7:31  Probe  
  34  7:46  Pylon  
  32  7:55  Stalker  
  32  7:56  Stalker  
  32  7:57  Zealot  
  28  8:18  Stargate  
  28  8:19  Stargate  
  28  8:37  Stalker  
  28  8:38  Stalker  
  31  9:00  Probe  
  31  9:02  Gateway  
  32  9:04  Assimilator  
  32  9:06  Void Ray (Chrono Boost)  
  32  9:08  Assimilator  
  36  9:11  Probe  
  36  9:16  Probe  
  38  9:22  Probe  
  39  9:29  Void Ray (Chrono Boost)  
  43  9:34  Probe  
  43  9:37  Probe  
  45  9:46  Probe  
  46  9:54  Pylon  
  46  10:00  Pylon  
  46  10:04  Pylon  
  46  10:06  Pylon  
  46  10:12  Probe x2  
  46  10:13  Void Ray (Chrono Boost)  
  52  10:24  Probe x2  
  54  10:35  Void Ray (Chrono Boost)  
  62  10:50  Void Ray (Chrono Boost)  
  66  11:27  Stargate  
  66  11:32  Stargate  
Show
View Real Time Build Order
Export as new Build Order

Panchulon Zerg 

Build Orders: Hatch First 

Get SALT Encoding   

  12  0:01  Drone  
  13  0:13  Overlord  
  13  0:18  Drone  
  14  0:31  Drone x2  
  17  0:35  Drone  
  17  0:56  Hatchery  
  16  0:57  Drone  
  17  1:04  Drone  
  18  1:15  Spawning Pool  
  18  1:17  Extractor  
  16  1:20  Drone  
  16  1:23  Drone  
  18  1:29  Drone  
  19  1:41  Overlord  
  19  1:57  Overlord  
  19  2:03  Drone  
  19  2:08  Queen x2  
  20  2:09  Drone  
  25  2:15  Drone  
  25  2:19  Metabolic Boost  
  25  2:22  Drone  
  27  2:29  Zergling x2  
  28  2:30  Zergling x2  
  28  2:36  Zergling x2  
  30  2:47  Drone x2  
  32  2:53  Drone  
  32  2:55  Zergling x2  
  34  3:06  Drone x2  
  34  3:09  Lair  
  36  3:20  Zergling x10  
  36  3:24  Zergling x6  
  41  3:34  Zergling x4  
  41  3:39  Overlord  
  43  4:03  Drone x3  
  36  4:22  Extractor  
  36  4:23  Roach Warren, Extractor  
  32  4:26  Extractor, Hatchery  
  32  4:27  Extractor  
  32  4:29  Drone x4  
  32  4:30  Drone x4  
  37  4:42  Zergling x10  
  37  4:43  Zergling x2  
  43  4:47  Drone  
  44  5:04  Glial Reconstitution  
  44  5:07  Roach x4  
  50  5:09  Overlord x4  
  52  5:26  Overlord x2  
  52  5:29  Drone x2  
  52  5:30  Drone  
  52  5:33  Drone  
  56  5:40  Ravager x3  
  60  5:42  Drone  
  60  5:43  Drone x2  
  60  5:45  Drone x3  
  65  5:50  Queen  
  65  5:53  Drone x3  
  70  6:04  Overlord x2  
  70  6:08  Pneumatized Carapace  
  70  6:16  Drone x5  
  70  6:17  Drone x2  
  77  6:29  Zergling x2, Roach x2  
  82  6:39  Drone x3  
  85  6:45  Ravager  
  86  6:48  Roach  
  86  6:49  Roach x5  
  98  7:12  Ravager x2  
  98  7:13  Roach x2  
  98  7:14  Zergling x10, Roach x5  
  98  7:15  Overlord x2  
  119  7:22  Extractor, Hatchery  
  118  7:24  Extractor, Ravager x4  
  118  7:25  Ravager  
  115  7:51  Ravager  
  115  7:52  Ravager x5  
  115  7:53  Zergling x4, Roach x2  
  115  7:54  Zergling x18, Roach  
  138  7:59  Overlord x3  
  138  8:00  Overlord  
  122  8:28  Zergling x12, Roach x4  
  136  8:38  Drone x2  
  136  8:39  Drone x5  
  122  9:17  Zergling x10, Roach x3  
  122  9:18  Zergling x8, Roach x5  
  127  9:34  Zergling x4, Roach  
  122  9:44  Zergling x2, Roach x2  
  109  9:53  Drone x2  
  109  9:54  Drone  
  99  10:07  Zergling x4, Roach x2  
  93  10:18  Zergling x12, Roach x5  
  106  10:22  Zergling x2  
  105  10:34  Burrow  
  105  10:37  Drone x3  
  105  10:40  Drone x2  
  105  10:42  Drone  
  111  10:46  Ravager x4  
  111  10:47  Ravager x3  
  111  10:49  Roach x2  
  122  11:00  Zergling x2, Roach x2  
  124  11:05  Hatchery  
  112  11:32  Hatchery  
  111  11:38  Evolution Chamber x2  
Show
View Real Time Build Order
Export as new Build Order

HYP Terran 

Build Orders: Command Center First (CC), MMM Bio 

Get SALT Encoding   

  12  0:02  SCV  
  13  0:14  SCV  
  14  0:22  Supply Depot  
  14  0:26  SCV  
  15  1:00  SCV, Command Center  
  16  1:12  SCV  
  17  1:23  Refinery  
  17  1:26  SCV  
  17  1:29  Barracks  
  18  1:38  SCV  
  18  1:39  Supply Depot  
  19  1:50  SCV  
  20  2:03  SCV  
  21  2:16  Barracks  
  21  2:18  Orbital Command  
  21  2:22  Orbital Command  
  21  2:26  Barracks Tech Lab  
  21  2:35  Refinery  
  21  2:42  Engineering Bay  
  21  2:48  SCV x2  
  23  3:03  Stimpack, Barracks  
  23  3:04  Barracks Tech Lab  
  23  3:08  Marauder  
  25  3:13  Missile Turret  
  25  3:18  Missile Turret  
  25  3:24  Combat Shields  
  25  3:28  Marauder  
  25  3:29  SCV  
  25  3:31  SCV  
  29  3:38  Marauder  
  31  3:49  Refinery x2, SCV x2  
  31  3:52  Barracks Reactor  
  33  4:00  Marine x2  
  33  4:01  SCV x2  
  37  4:22  SCV x2  
  39  4:24  Barracks  
  39  4:25  Barracks  
  39  4:37  Marauder x2  
  39  4:38  Marine x2  
  39  4:48  Supply Depot  
  39  4:49  Supply Depot  
  39  4:56  Marine  
  39  4:57  Marine  
  39  4:58  Marauder x2  
  45  5:08  Factory  
  45  5:13  Barracks Reactor  
  45  5:14  Barracks Reactor, Marine x2  
  45  5:15  SCV x2  
  49  5:33  Marauder x2, Marine x2  
  55  5:50  Terran Infantry Weapons Level 1  
  55  5:54  Factory Reactor  
  55  5:56  Marauder x2, Starport  
  59  5:57  Marine  
  60  6:11  SCV x2  
  62  6:18  Supply Depot x2  
  62  6:38  SCV  
  58  6:51  Marauder x2, Marine x5  
  58  6:52  Marine  
  66  7:09  Marine x6  
  66  7:13  Marauder x2  
  63  7:27  Marine  
  63  7:28  Widow Mine x2  
  68  7:33  Supply Depot  
  68  7:34  Marauder x2  
  68  7:35  Supply Depot x2  
  72  7:38  Starport Reactor  
  72  7:41  Marine x2  
  72  7:42  Marine x3  
  72  7:43  Concussive Shells  
  77  7:45  Marine  
  78  7:55  Marine x2  
  78  7:56  Widow Mine x2  
  84  7:59  Marine x2  
  84  8:00  Marine  
  84  8:01  Marine x2  
  84  8:02  Marine  
  90  8:13  Marine x2  
  90  8:17  Marine x2  
  83  8:30  Marine x4  
  83  8:31  Marauder x2  
  86  8:35  Marine  
  76  8:45  Marine  
  76  8:47  Medivac x2  
  79  8:49  Marine x2  
  79  8:52  Marauder  
  82  8:56  Marauder  
  82  9:13  Marine x4  
  86  9:17  Medivac x2  
  89  9:49  Marine x8  
  97  10:06  Medivac x2, Marine  
  102  10:14  Marine  
  102  10:16  Marine x2  
  102  10:17  Marine x2  
  102  10:18  Marine  
  102  10:23  Marine  
  102  10:24  Marine  
  100  10:32  Marine  
  100  10:33  Marine  
  102  11:07  Marine x2  
  102  11:09  Marine x2  
Tags
 
Add a new tag
Caveats
  • Supply blocks, unpowered buildings, or Contaminate may cause inaccurate times.
  • Supply counts are checked every 10 seconds.